 Dungeon Crawl Stone Soup version 0.27.1-33-g824d729ab1 (webtiles) character file.

Game seed: 10782984006203405545

49 pkoi the Insei (level 3, -1/31 HPs)
             Began as a Draconian Monk on Dec 28, 2021.
             Slain by a gnoll (3 damage)
             ... on level 4 of the Dungeon.
             The game lasted 00:02:04 (2668 turns).

pkoi the Insei (Draconian Monk)                     Turns: 2668, Time: 00:02:05

Health: -1/31      AC:  5    Str: 13    XL:     3   Next: 51%
Magic:  3/3        EV: 12    Int: 11    God:
Gold:   80         SH:  0    Dex: 13    Spells: 2/2 levels left

rFire    . . .     SeeInvis .     - Unarmed
rCold    . . .     Faith    .   (no shield)
rNeg     . . .     Spirit   .   (armour unavailable)
rPois    .         Reflect  .   (helmet restricted)
rElec    .         Harm     .   (no cloak)
rCorr    .         Rampage  .   (no gloves)
Will     .....                  (no boots)
Stlth    ++........             (no amulet)
HPRegen  0.10/turn              (no ring)
MPRegen  0.08/turn              (no ring)

@: no status effects
A: AC +5, unfitting armour, cold-blooded
a: no special abilities


You were on level 4 of the Dungeon.
You visited 1 branch of the dungeon, and saw 4 of its levels.

You collected 80 gold pieces.

Inventory:

Hand Weapons
 h - a +0 long sword
Missiles
 m - a throwing net (quivered)
Jewellery
 d - an amulet of faith
Scrolls
 a - 7 scrolls of identify {unknown}
 b - a scroll of acquirement {unknown}
 c - a scroll of fear {unknown}
 f - a scroll of noise {unknown}
Potions
 e - a potion of curing {unknown}
 g - a potion of cancellation {unknown}
 i - a potion of berserk rage {unknown}
 j - 3 potions of lignification {unknown}
 k - 2 potions of attraction {unknown}
 l - a potion of mutation {unknown}


   Skills:
 - Level 3.2 Fighting
 - Level 2.6 Dodging
 - Level 1.7 Stealth
 + Level 4.6 Unarmed Combat


You had 2 spell levels left.
You didn't know any spells.
Your spell library was empty.

Dungeon Overview and Level Annotations

Branches:
Dungeon (4/15)
 Temple: D:4-7

Altars:
Yredelemnul

Shops:
D:3 *

Annotations:
D:3 Sigmund, Terence


Innate Abilities, Weirdness & Mutations

Your plain brown scales are hard. (AC +5)
You cannot fit into any form of body armour.
You are cold-blooded and may be slowed by cold attacks.


Message History

A gnoll comes into view. It is wielding a +0 halberd.
You barely miss the ufetubus.
The ufetubus is severely wounded.
The gnoll shouts!
The ufetubus hits you but does no damage.
The ufetubus hits you. The endoplasm barely misses you.
The ufetubus barely misses you.
The ufetubus hits you but does no damage.
The ufetubus hits you but does no damage.
The ufetubus misses you.
A hobgoblin comes into view.
There is an open door here.
The ufetubus hits you but does no damage. x2
You closely miss the ufetubus.
The ufetubus is moderately wounded.
The ufetubus hits you.
* * * LOW HITPOINT WARNING * * *
The ufetubus hits you.
* * * LOW HITPOINT WARNING * * *
The ufetubus misses you. x2
You hit the ufetubus.
You kill the ufetubus!
Unknown command.
You punch the endoplasm!
You kill the endoplasm!
Unknown command.
You hit the hobgoblin.
The hobgoblin is almost dead.
The hobgoblin hits you but does no damage.
You hit the hobgoblin but do no damage.
The hobgoblin is almost dead.
The gnoll hits you from afar with a +0 halberd!
* * * LOW HITPOINT WARNING * * *
A gnoll comes into view. It is wielding a +0 club.
The hobgoblin closely misses you.
The gnoll shouts!
You hit the hobgoblin but do no damage.
The hobgoblin is almost dead.
The gnoll hits you from afar with a +0 halberd.
You die...

### #.# #.# #.# #.########
#........# ##########
#.######.#
#........######.#.####.###
+........'@g..............
#.......g######.#.########
#.....g$.# #.#.#
#........# #.#.#
#........# #.#.#
#.......$# #.#.#
#........# #.#<#
#........# ..###
#........#


You could see 2 gnolls and a hobgoblin.

Vanquished Creatures
  An ufetubus (D:4)
  5 bats
  7 endoplasms
  3 giant cockroaches
  4 hobgoblins
  4 jackals (D:3)
  A quokka (D:1)
  2 ball pythons (D:2)
  2 frilled lizards
  3 goblins
  2 kobolds (D:3)
  3 rats
37 creatures vanquished.

Notes
Turn   | Place    | Note
-------+----------+-------------------------------------------
     0 | D:1      | pkoi the Draconian Monk began the quest for the Orb.
     0 | D:1      | Reached XP level 1. HP: 19/19 MP: 1/1
   521 | D:1      | Found a faded altar of an unknown god.
   658 | D:1      | Reached XP level 2. HP: 25/26 MP: 2/2
  1282 | D:2      | Reached skill level 4 in Unarmed Combat
  1603 | D:2      | Reached XP level 3. HP: 30/31 MP: 3/3
  1776 | D:2      | Found a basalt altar of Yredelemnul.
  2194 | D:3      | Noticed Terence
  2210 | D:3      | Noticed Sigmund
  2454 | D:3      | Found Ninod's Assorted Antiques.
  2668 | D:4      | Slain by a gnoll

Illustrated notes

Levels and vault maps discovered:
D:1:      dpeg_arrival_refuge, layout_basic,
          hellmonk_ecumenical_altar_heavens_door
D:2:      layout_loops_ring, serial_forest, infiniplex_forest_zigzag_1,
          infiniplex_forest_end_3, infiniplex_forest_end_1,
          infiniplex_forest_end_2, infiniplex_forest_clump_double,
          infiniplex_forest_end_1, infiniplex_forest_straight_4, basic_altar
D:3:      minmay_diamond_boxcup, layout_basic, serial_shops,
          nicolae_shop_crystal, uniq_terence, uniq_sigmund
D:4:      layout_basic, kennysheep_mini, minmay_a_box_with_orc_wizards_in_it,
          uniq_natasha, uniq_pikel

Skill      XL: |  1  2 |
---------------+-------+-----
Unarmed Combat | 4 |  4.6
Fighting       | |  3.2
Dodging        | |  2.6
Stealth        | |  1.7

Action                   || total
-------------------------++-------
Melee: Unarmed           ||   137
       Tailslap          ||    17
       Punch             ||     2
  Use: Scroll            ||     1
 Stab: Sleeping          ||     5
Armor: Skin              ||    57
Dodge: Dodged            ||    96
